 Dungeon Crawl Stone Soup version 0.25-a0-1078-gea6e5d949a (webtiles) character file.

Game seed: 11144562134413237459, levelgen mode: deterministic

283 Maedhros the Insei (level 6, -4/38 HPs)
             Began as an Octopode Artificer on May 15, 2020.
             Slain by a hobgoblin
             ... wielding a cursed -1 club
             ... led by Robin
              (7 damage)
             ... on level 3 of the Dungeon.
             The game lasted 00:06:11 (821 turns).

Maedhros the Insei (Octopode Artificer)              Turns: 821, Time: 00:06:12

Health: -4/38      AC:  1    Str:  9    XL:     6   Next: 28%
Magic:  8/8        EV: 13    Int: 16    God:
Gold:   69         SH:  0    Dex: 14    Spells: 5/5 levels left

rFire    . . .     SeeInvis .   m - +3 quarterstaff (chaos)
rCold    . . .     Gourm    .   (shield currently unavailable)
rNeg     . . .     Faith    .   (helmet restricted)
rPois    .         Spirit   .   (no amulet)
rElec    .         Reflect  .   (no ring)
rCorr    .         Harm     .   (no ring)
MR       .....                  (no ring)
Stlth    ++++......             (no ring)
HPRegen  0.12/turn              (no ring)
MPRegen  0.11/turn              (no ring)
                                (no ring)
                                (no ring)

@: no status effects
A: almost no armour, stealthy swim, amphibious, 8 rings, constrict 8, camouflage
1, clever 1, weak 1, gelatinous body 1
a: no special abilities


You were on level 3 of the Dungeon.
You were not hungry.

You visited 1 branch of the dungeon, and saw 3 of its levels.

You collected 69 gold pieces.

Inventory:

Hand Weapons
 m - a +3 quarterstaff of chaos (weapon)
Missiles
 g - 23 poisoned darts (quivered)
 k - 5 javelins
Wands
 b - a wand of flame (12)
 c - a wand of enslavement (12)
 d - a wand of random effects (3)
Scrolls
 a - a scroll of random uselessness {unknown}
 e - a scroll of fear {unknown}
 h - 3 scrolls of teleportation {unknown}
 j - a scroll of identify {unknown}
Potions
 i - a potion of mutation
Comestibles
 f - 4 rations


   Skills:
 - Level 1.0 Fighting
   Level 1.0 Short Blades
 - Level 2.0 Dodging
 - Level 4.0 Stealth
 + Level 5.3 Unarmed Combat
 - Level 3.2 Evocations


You had 5 spell levels left.
You didn't know any spells.
Your spell library was empty.

Dungeon Overview and Level Annotations

Branches:
Dungeon (3/15)

Altars:

Annotations:
D:3 Robin


Innate Abilities, Weirdness & Mutations

You cannot wear most types of armour.
You are very stealthy in the water. (Stealth+)
You are amphibious.
You can wear up to eight rings at the same time.
You can use your tentacles to constrict eight enemies at once.
Your skin changes colour to match your surroundings (Stealth+).
Your rubbery body absorbs attacks. (AC +1, EV +1)
Your mind is acute. (Int +2)
You are weak. (Str -2)


Message History

The hobgoblin barely misses you.
Evoke which item? (* to show all) (? for menu, Esc to quit)
Aiming: Enslavement
Press: ? - help, Shift-Dir - straight line, f - goblin, p - hobgoblin
Aim: a goblin, wielding a +0 dagger (strong, chance to defeat MR: 72%)
The goblin is charmed.
The goblin barely misses your hobgoblin.
Your goblin barely misses the goblin.
Your hobgoblin hits the goblin. The goblin barely misses you.
The goblin misses your hobgoblin.
Unknown command.
Unknown command.
The goblin hits your hobgoblin with a +0 dagger.
Your hobgoblin dies!
Your goblin hits the hobgoblin with a +0 dagger.
Robin throws the goblin at you!
* * * LOW HITPOINT WARNING * * *
The goblin misses you. The goblin hits your goblin.
Your goblin dies!
The hobgoblin hits you with a cursed -1 club!
You die...

### ## ... ..# #.###g#
#.<.# ##.## ###
#†###g###@##
#......>.g.gg)g#
........###.g.g.......
.######## #####.######
#.# #.# #.# #.# .#


You could see Robin, a hobgoblin (strong) and 4 goblins.

Vanquished Creatures
  Sigmund (D:2)
  Crazy Yiuf (D:2)
  Natasha (D:3)
  4 gnolls (D:2)
  An adder (D:2)
  An ooze (D:2)
  A ball python (D:2)
  2 bats (D:2)
  3 giant cockroaches (D:2)
  4 goblins
  6 hobgoblins
  2 frilled lizards
  6 kobolds
  5 rats
38 creatures vanquished.

Vanquished Creatures (others)
  A hobgoblin (D:3)
  A goblin (D:3)
2 creatures vanquished.

Grand Total: 40 creatures vanquished

Notes
Turn   | Place    | Note
-------+----------+-------------------------------------------
     0 | D:1      | Maedhros the Octopode Artificer began the quest for the
                  | Orb.
     0 | D:1      | Reached XP level 1. HP: 13/13 MP: 3/3
   240 | D:1      | Reached XP level 2. HP: 14/18 MP: 4/4
   375 | D:2      | Found a runed translucent door.
   376 | D:2      | Noticed Crazy Yiuf
   384 | D:2      | Killed Crazy Yiuf
   384 | D:2      | Reached skill level 1 in Unarmed Combat
   384 | D:2      | Reached XP level 3. HP: 23/23 MP: 5/5
   422 | D:2      | Reached skill level 2 in Unarmed Combat
   425 | D:2      | Reached XP level 4. HP: 18/28 MP: 6/6
   525 | D:2      | Reached skill level 3 in Unarmed Combat
   525 | D:2      | Noticed Sigmund
   622 | D:3      | Noticed Natasha
   623 | D:3      | Killed Natasha
   623 | D:3      | Reached XP level 5. HP: 9/33 MP: 7/7
   748 | D:2      | Found a faded altar of an unknown god.
   753 | D:2      | Killed Sigmund
   753 | D:2      | Reached skill level 5 in Unarmed Combat
   753 | D:2      | Reached XP level 6. HP: 12/38 MP: 8/8
   817 | D:3      | Noticed Robin
   818 | D:3      | Gained mutation: You are weak. (Str -2) [potion of
                  | mutation]
   818 | D:3      | Gained mutation: Your mind is acute. (Int +2) [potion of
                  | mutation]
   821 | D:3      | Slain by a hobgoblin

Illustrated notes

Levels and vault maps discovered:
D:1:      dpeg_arrival_yet_another_circle, layout_loops_cross,
          minmay_tromino_v4_a
D:2:      kennysheep_big_flooded_room, layout_loops_cross,
          chequers_ecumenical_altar_simple_redux, uniq_crazy_yiuf_cottage,
          uniq_sigmund
D:3:      layout_loops_ring, kennysheep_generic_room_13, uniq_robin,
          uniq_natasha

Skill      XL: |  1  2  3  4  5 |
---------------+----------------+-----
Stealth        | 2 4 |  4.0
Unarmed Combat | 1 2 3 5 |  5.3
Fighting       | |  1.0
Short Blades   | |  1.0
Dodging        | |  2.0
Evocations     | |  3.2

Action                   |  1- 3 |  4- 6 || total
-------------------------+-------+-------++-------
Melee: Short sword       |    23 |       ||    23
       Tentacles         |     5 |     3 ||     8
       Constrict         |     7 |     4 ||    11
       Quarterstaff      |     5 |    32 ||    37
       Punch             |       |     2 ||     2
Evoke: Wand              |     1 |    17 ||    18
  Use: Potion            |       |     4 ||     4
 Stab: Sleeping          |     2 |     5 ||     7
       Paralysed         |     3 |       ||     3
       Betrayed ally     |       |     1 ||     1
Armor: Skin              |     1 |     1 ||     2
Dodge: Dodged            |    15 |    26 ||    41

Table legend:
 A = Non-vault XP
 B = Vault XP
 C = Vault XP percentage of total XP
 D = Non-vault monster count
 E = Vault monster count
 F = Vault count percentage of total count
                 A         B        C        D         E       F
            +---------+---------+-------+---------+---------+-------
      Total |     106 |     299 |  73.8 |      27 |      11 |  28.9
            +---------+---------+-------+---------+---------+-------
        D:1 |      10 |       7 |  41.2 |       7 |       4 |  36.4
        D:2 |      96 |     255 |  72.6 |      20 |       5 |  20.0
        D:3 |       0 |      37 | 100.0 |       0 |       2 | 100.0
            +---------+---------+-------+---------+---------+-------
